 Dungeon Crawl Stone Soup version 0.24-a0-335-g06ca16a (webtiles) character file.

Game seed: 4028013691488078260

95 Lanoc the Ruffian (level 4, -3/36 HPs)
             Began as a Draconian Transmuter on May 18, 2019.
             Slain by an iguana (10 damage)
             ... on level 4 of the Dungeon.
             The game lasted 00:03:55 (2297 turns).

Lanoc the Ruffian (Draconian Transmuter)            Turns: 2297, Time: 00:03:56

Health: -3/36      AC:  5    Str: 13    XL:     4   Next: 40%
Magic:  1/7        EV: 12    Int: 14    God:
Gold:   137        SH:  0    Dex: 11    Spells: 1/7 levels left

rFire    . . .     SeeInvis .     - Unarmed
rCold    . . .     Gourm    .   (no shield)
rNeg     . . .     Faith    .   (armour unavailable)
rPois    .         Spirit   .   (helmet restricted)
rElec    .         Reflect  .   (no cloak)
rCorr    .         Harm     .   (no gloves)
MR       .....                  (boots currently unavailable)
Stlth    +.........             (no amulet)
HPRegen  0.12/turn              f - ring of wizardry
MPRegen  0.10/turn              (no ring)

@: appendage (expiring), very slightly contaminated
A: unfitting armour, talons 3, cold-blooded, AC +5
a: End Transformation


You were on level 4 of the Dungeon.
You were near starving.
You had grown temporary talons.
You visited 1 branch of the dungeon, and saw 4 of its levels.

You collected 137 gold pieces.

Inventory:

Missiles
 a - 53 arrows
Jewellery
 f - a ring of wizardry (left hand)
Scrolls
 b - 5 scrolls of identify {unknown}
 g - 2 scrolls of teleportation {unknown}
 i - a scroll of fear {unknown}
 m - 2 scrolls of magic mapping {unknown}
Potions
 d - a potion of curing {unknown}
 e - 2 potions of might {unknown}
 h - 2 potions of magic {unknown}
 j - a potion of brilliance {unknown}
 k - a potion of haste {unknown}
 l - a potion of agility {unknown}
 n - a potion of resistance {unknown}
 o - a potion of cancellation {unknown}
 q - a potion of ambrosia {unknown}
Comestibles
 c - 7 rations


   Skills:
 + Level 2.0 Fighting
 + Level 2.2 Dodging
 * Level 3.9 Unarmed Combat
 + Level 2.3 Spellcasting
 * Level 2.9 Transmutations


You had one spell level left.
You knew the following spells:

 Your Spells              Type           Power        Failure   Level  Hunger
a - Beastly Appendage     Tmut           #.....       2%          1    #......
b - Sticks to Snakes      Tmut           #.......     4%          2    ###....
c - Spider Form           Tmut/Pois      #.........   16%         3    ###....

Your spell library contained the following spells:

 Spells                   Type           Power        Failure   Level  Hunger
 Animate Skeleton         Necr           N/A          10%         1    #......
 Apportation              Tloc           #.....       10%         1    #......
 Confusing Touch          Hex            #.....       10%         1    #......
 Summon Small Mammal      Summ           #...         10%         1    #......
 Confuse                  Hex            #.......     26%         3    ###....
 Gell's Gravitas          Tloc           #.........   26%         3    ###....
 Ice Form                 Ice/Tmut       #.......     43%         4    #####..
 Petrify                  Tmut/Erth      #.......     43%         4    #####..
 Blade Hands              Tmut           #.........   56%         5    ######.
 Yara's Violent Unravell  Hex/Tmut       #.........   77%         5    ######.
 Metabolic Englaciation   Hex/Ice        #.........   92%         5    ######.


Dungeon Overview and Level Annotations

Branches:
Dungeon (4/15)
 Temple: D:4-7

Altars:
Gozag
Zin


Innate Abilities, Weirdness & Mutations

Your plain brown scales are hard. (AC +5)
You cannot fit into any form of body armour.
You are cold-blooded and may be slowed by cold attacks.
You have claws for feet.


Message History

The iguana is heavily wounded.
The iguana bites you.
You barely miss the iguana.
The iguana is heavily wounded.
The iguana closely misses you.
Casting: Spider Form (safe; 16% risk of failure)
Confirm with . or Enter, or press ? or * to list all spells.
Your feet morph into talons.
The iguana bites you.
* * * LOW HITPOINT WARNING * * *
You closely miss the iguana.
Your tail-slap misses the iguana.
The iguana is heavily wounded.
The iguana bites you.
* * * LOW HITPOINT WARNING * * *
You hit the iguana but do no damage.
The iguana is heavily wounded.
You hit the iguana but do no damage.
The iguana is heavily wounded.
The iguana completely misses you. The iguana bites you!
You die...

#..........# #..........#
.# ####........## . ##
.............# . ##.
###.)........# #. ..
###..........# #.###.#
#.....:<.....#
##.....#####.#..........#
#.....###l@..##........##
....###=.#..######......##
. .(####...## ########
..........# ..######.##
#.# #.# #.. ###


You could see an iguana.

Vanquished Creatures
  2 adders
  3 worms
  2 dart slugs
  2 leopard geckos (D:2)
  5 orcs (D:3)
  A ball python (D:1)
  2 giant cockroaches (D:2)
  6 goblins
  8 hobgoblins
  2 jackals (D:2)
  7 kobolds
  A quokka (D:2)
  8 bats
  2 frilled lizards
  2 rats
53 creatures vanquished.

Notes
Turn   | Place    | Note
-------+----------+-------------------------------------------
     0 | D:1      | Lanoc the Draconian Transmuter began the quest for the Orb.
     0 | D:1      | Reached XP level 1. HP: 16/16 MP: 3/3
   145 | D:1      | Reached XP level 2. HP: 20/23 MP: 3/5
   355 | D:1      | Learned a level 2 spell: Sticks to Snakes
   828 | D:2      | Reached XP level 3. HP: 15/28 MP: 6/6
   967 | D:2      | Learned a level 3 spell: Spider Form
  1218 | D:2      | Found a glowing silver altar of Zin.
  1660 | D:3      | Reached XP level 4. HP: 36/36 MP: 5/7
  1921 | D:3      | Found an opulent altar of Gozag.
  2297 | D:4      | Slain by an iguana

Levels and vault maps discovered:
D:1:      lightli_arrival_noodles, layout_loops_ring
D:2:      layout_loops_cross, zin_academy, first_ration
D:3:      layout_rooms, grunt_gozag_breadcrumbs
D:4:      layout_rooms, uniq_menkaure, uniq_natasha

Skill      XL: |  1  2  3  4 |
---------------+-------------+-----
Dodging        | 2 |  2.2
Fighting       | 2 |  2.0
Unarmed Combat | |  3.9
Spellcasting   | |  2.3
Transmutations | |  2.9

Action                   |  1- 3 |  4- 6 || total
-------------------------+-------+-------++-------
Melee: Unarmed           |   111 |    58 ||   169
       Tailslap          |    15 |     8 ||    23
       Kick              |     6 |     1 ||     7
       Headbutt          |     6 |     1 ||     7
       Punch             |     1 |       ||     1
 Cast: Beastly Appendage |    14 |     4 ||    18
       Spider Form       |     2 |     1 ||     3
  Eat: Chunk             |     3 |     1 ||     4
Armor: Skin              |    35 |    14 ||    49
Dodge: Dodged            |    79 |    59 ||   138

Table legend:
 A = Non-vault XP
 B = Vault XP
 C = Vault XP percentage of total XP
 D = Non-vault monster count
 E = Vault monster count
 F = Vault count percentage of total count
                 A         B        C        D         E       F
            +---------+---------+-------+---------+---------+-------
      Total |     137 |       0 |   0.0 |      53 |       0 |   0.0
            +---------+---------+-------+---------+---------+-------
        D:1 |      23 |       0 |   0.0 |      12 |       0 |   0.0
        D:2 |      69 |       0 |   0.0 |      27 |       0 |   0.0
        D:3 |      45 |       0 |   0.0 |      14 |       0 |   0.0
            +---------+---------+-------+---------+---------+-------
